Match 42336028
Unlisted

Match 42336028
End
Selects Italian Combined Arms Battlegroup
Selects Bersaglieri Squad
Bersaglieri Squad
Kradschützen Motorcycle Team
Bersaglieri Squad
Construct Light Support Kompanie
Bersaglieri Squad
2.5-tonne Medical Truck
Panzerjäger Mechanized Group
Selects Semovente da 75/18 Assault Gun
Semovente da 75/18 Assault Gun
Selects Carro Armato M13/40 Light Tank
Carro Armato M13/40 Light Tank
Carro Armato M13/40 Light Tank
Carro Armato M13/40 Light Tank
Selects Artillery Cover
Selects Bersaglieri Bolster
Selects Vehicle Support - Secure Location
Selects Vehicle Support - Force Recon
Carro Armato M13/40 Light Tank
Panzerjäger Mechanized Group
Artillery Cover
Carro Armato M13/40 Light Tank
Advanced Field Repairs
Artillery Cover
Carro Armato M13/40 Light Tank
LECHU
Baigaman
CHOcho
Voodoo408
Dahlian
Luce
Mace
Sandman907
0
0

Comments sign in to comment!

No comments posted yet!